 Dungeon Crawl Stone Soup version 0.27-a0-1188-g73eefd5def (webtiles) character file.

Game seed: 10771947088694511845

564 toffzen the Cudgeller (level 7, 0/44 HPs)
             Began as a Tengu Berserker on May 21, 2021.
             Was a Believer of Trog.
             Succumbed to a killer bee's poison
             ... on level 4 of the Dungeon.
             The game lasted 00:05:02 (3814 turns).

toffzen the Cudgeller (Tengu Berserker)             Turns: 3814, Time: 00:05:03

Health: 0/44       AC:  5    Str: 25    XL:     7   Next: 32%
Magic:  8/8        EV: 15    Int:  7    God:    Trog [**....]
Gold:   104        SH:  0    Dex: 14    Spells: 6/6 levels left

rFire    . . .     SeeInvis .   a - +0 mace
rCold    . . .     Faith    .   (no shield)
rNeg     . . .     Spirit   .   m - +0 ring mail
rPois    .         Reflect  .   (helmet restricted)
rElec    .         Harm     .   (no cloak)
rCorr    .         Rampage  .   (no gloves)
Will     .....                  (boots unavailable)
Stlth    +.........             (no amulet)
HPRegen  0.14/turn              i - +6 ring of strength
MPRegen  0.11/turn              (no ring)

@: lethally poisoned (0 -> -7), on berserk cooldown, flying quickly and
evasively, slowed, very slow
A: beak, talons 3, nimble flight
a: Renounce Religion, Berserk, Trog's Hand


You were on level 4 of the Dungeon.
You worshipped Trog.
Trog was pleased with you.
You visited 1 branch of the dungeon, and saw 4 of its levels.

You collected 104 gold pieces.

Inventory:

Hand Weapons
 a - a +0 mace (weapon)
Missiles
 c - 78 stones
 p - 4 silver boomerangs
Armour
 m - a +0 ring mail (worn)
Jewellery
 i - a +6 ring of strength (left hand)
Scrolls
 b - 2 scrolls of magic mapping {unknown}
 d - 2 scrolls of enchant weapon {unknown}
 g - a scroll of teleportation {unknown}
 h - a scroll of torment {unknown}
 n - 3 scrolls of identify {unknown}
 r - a scroll of immolation {unknown}
 s - a scroll of amnesia {unknown}
Potions
 e - a potion of degeneration {unknown}
 f - 2 potions of brilliance {unknown}
 j - 2 potions of heal wounds {unknown}
 k - 3 potions of lignification {unknown}
 l - 3 potions of curing {unknown}
 o - a potion of ambrosia {unknown}
 q - a potion of might {unknown}


   Skills:
 + Level 4.5 Fighting
 * Level 6.2 Maces & Flails
 + Level 4.1 Armour
 + Level 4.2 Dodging


You had 6 spell levels left.
You didn't know any spells.
Your spell library was empty.

Dungeon Overview and Level Annotations

Branches:
Dungeon (4/15)
 Temple: D:4-7

Altars:


Innate Abilities, Weirdness & Mutations

You have a beak for a mouth.
You have claws for feet.
Your magical nature lets you fly swiftly and evasively.


Message History

The killer bee closely misses you.
You sock the killer bee! Your kick misses the killer bee.
You peck the killer bee.
You kill the killer bee!
Trog accepts your kill.
You feel sick.
You sock the killer bee!
The killer bee is almost dead.
You feel sick. The killer bee stings you.
* * * LOW HITPOINT WARNING * * *
You are lethally poisoned!
The killer bee poisons you! The killer bee closely misses you.
You closely miss the killer bee. Your peck misses the killer bee.
The killer bee is almost dead.
* * * LOW HITPOINT WARNING * * *
You feel very sick. The killer bee closely misses you.
You miss the killer bee. Your kick misses the killer bee.
Your peck misses the killer bee.
The killer bee is almost dead.
* * * LOW HITPOINT WARNING * * *
You feel very sick. The killer bee stings you.
* * * LOW HITPOINT WARNING * * *
The killer bee closely misses you.
You sock the killer bee!
You kill the killer bee!
Trog accepts your kill.
* * * LOW HITPOINT WARNING * * *
You feel sick.
An iguana comes into view.
* * * LOW HITPOINT WARNING * * *
You feel sick.
You feel a strong urge to attack something.
* * * LOW HITPOINT WARNING * * *
You feel sick.
You are no longer berserk.
You are exhausted.
You feel yourself slow down.
You die...

......## .......##
#[...... #.#....## ####
#.#..... ..#
#.#..#.#####.## ....
.##.##.##)#........###....
y......†...@......<.......
.l..#####..######[........
. ..####..# ##.....#.....
.....#..###.......#....
...#................###
...#...#.##.........#
....................#
......>..)..........#
###.................#


There were no monsters in sight!

Vanquished Creatures
  Sigmund (D:4)
  6 killer bees (D:4)
  8 adders
  A worm (D:3)
  A dart slug (D:2)
  7 orcs
  6 endoplasms
  3 giant cockroaches
  2 goblins
  7 hobgoblins
  4 jackals (D:1)
  8 kobolds
  5 quokkas
  7 ball pythons
  4 bats
  2 frilled lizards
  5 rats
77 creatures vanquished.

Notes
Turn   | Place    | Note
-------+----------+-------------------------------------------
     0 | D:1      | toffzen the Tengu Berserker began the quest for the Orb.
     0 | D:1      | Reached XP level 1. HP: 14/14 MP: 2/2
   212 | D:1      | Reached XP level 2. HP: 18/19 MP: 3/3
   576 | D:1      | Reached XP level 3. HP: 18/23 MP: 4/4
   938 | D:2      | Reached skill level 4 in Maces & Flails
  1351 | D:2      | Reached XP level 4. HP: 28/28 MP: 5/5
  1772 | D:2      | Reached ** piety under Trog
  2192 | D:2      | Found a faded altar of an unknown god.
  2952 | D:3      | Gained mutation: Your magical nature lets you fly swiftly
                  | and evasively. [Tengu growth]
  2952 | D:3      | Reached XP level 5. HP: 32/32 MP: 6/6
  3655 | D:4      | Noticed Sigmund
  3658 | D:4      | Killed Sigmund
  3659 | D:4      | Reached skill level 5 in Maces & Flails
  3659 | D:4      | Reached XP level 6. HP: 38/38 MP: 7/7
  3803 | D:4      | Reached XP level 7. HP: 28/43 MP: 8/8
  3804 | D:4      | Reached skill level 6 in Maces & Flails
  3812 | D:4      | HP: 3/66 [poisoned by a killer bee]
  3814 | D:4      | Succumbed to a killer bee's poison

Illustrated notes

Levels and vault maps discovered:
D:1:      dpeg_arrival_rooms_b, layout_basic
D:2:      layout_basic, hellmonk_ecumenical_altar_inner_sanctum,
          kennysheep_generic_room_6
D:3:      layout_loops_ring
D:4:      layout_rooms, uniq_sigmund

Skill      XL: |  1  2  3  4  5  6  7 |
---------------+----------------------+-----
Maces & Flails | 4 5 6 |  6.2
Dodging        | 3 4 |  4.2
Armour         | 3 4 |  4.1
Fighting       | 4 |  4.5

Action                   |  1- 3 |  4- 6 |  7- 9 || total
-------------------------+-------+-------+-------++-------
Melee: Mace              |    56 |   102 |     8 ||   166
       Peck              |     9 |    11 |     2 ||    22
       Kick              |    11 |    28 |       ||    39
Invok: Berserk           |     3 |     7 |       ||    10
       Trog's Hand       |       |     1 |       ||     1
 Stab: Sleeping          |     4 |     1 |       ||     5
Armor: Animal skin       |    12 |     4 |       ||    16
       Ring mail         |       |    15 |       ||    15
Dodge: Dodged            |    27 |    58 |     5 ||    90

Table legend: (Time is in decaauts)
 A = Elapsed time spent in this place.
 B = Non-inter-level travel time spent in this place.
 C = Inter-level travel time spent in this place.
 D = Time resting spent in this place.
 E = Time spent auto-exploring this place.
 F = Levels seen in this place.
 G = Mean time per level.
                   A        B        C        D        E       F      G
               +--------+--------+--------+--------+--------+-----+--------+
         Total |   3870 |   3795 |     75 |   1440 |   1706 |   4 |  967.5 |
       Dungeon |   3870 |   3795 |     75 |   1440 |   1706 |   4 |  967.5 |
               +--------+--------+--------+--------+--------+-----+--------+

Top non-repeatable levels by time:
     D:2: 1730 daAuts
     D:3: 1143 daAuts
     D:1: 886 daAuts
     D:4: 110 daAuts
